cohdb
Replays
Latest Replays
All Replays
Popular Replays
Top Player Replays
Match Explorer
How It Works
Community
CoH3 Stats
Reddit
Sign in to upload your games and track your stats! →
Sign in with Steam
Match 45873642
Unlisted
Match 45873642
Overview
Messages
Build Orders
End
Selects Advanced Infantry Battlegroup
Construct Barracks
Engineer Squad
Riflemen Squad
Riflemen Squad
Infantry Support Center
Construct Motor Pool
Selects Convert to Ranger Squad
Convert to Ranger Squad
Mortar Pit
M8 Greyhound Armored Car
Construct Medical Station
Convert to Ranger Squad
Engineer Squad
Selects Frontline Medical Station
Frontline Medical Station
Survival Training
Riflemen Squad
Selects Infantry Assault
Convert to Ranger Squad
Riflemen Squad
Selects Artillery Observers
Convert to Ranger Squad
M1 Anti-tank Gun Team
Daan
Oncle-Hô
zenden
唱带吴彦祖
WL
RoudyPiper
Muse曹孟德
CPU - EASY
0
0
Comments
sign in to comment!
No comments posted yet!